 Dungeon Crawl Stone Soup version 0.26-a0-651-gb41185065b (webtiles) character file.

Game seed: 11980237803332338712

22 Irenicus the Digger (level 2, 18/22 HPs)
             Began as a Deep Dwarf Earth Elementalist on Oct 28, 2020.
             Quit the game on level 1 of the Dungeon.
             The game lasted 00:01:14 (200 turns).

Irenicus the Digger (Deep Dwarf Earth Elementalist)  Turns: 200, Time: 00:01:14

Health: 18/22      AC:  3    Str: 11    XL:     2   Next: 68%
Magic:  0/3        EV: 12    Int: 15    God:
Gold:   0          SH:  0    Dex: 13    Spells: 3/4 levels left

rFire    . . .     SeeInvis .   d - +0 club
rCold    . . .     Faith    .   (no shield)
rNeg     . . .     Spirit   .   e - +0 leather armour
rPois    .         Reflect  .   (no helmet)
rElec    .         Harm     .   (no cloak)
rCorr    .         Rampage  .   (no gloves)
MR       .....                  (no boots)
Stlth    ++........             (no amulet)
HPRegen  0.00/turn              (no ring)
MPRegen  0.08/turn              (no ring)

@: non-regenerating
A: damage resistance, heal wounds, sense surroundings 1, no regeneration
a: Heal Wounds


You were on level 1 of the Dungeon.
You visited 1 branch of the dungeon, and saw 1 of its levels.

Inventory:

Hand Weapons
 d - a +0 club (weapon)
   (You took it off a hobgoblin on level 1 of the Dungeon)
Missiles
 b - 16 stones (quivered)
Armour
 e - a +0 leather armour (worn)
   (You found it on level 1 of the Dungeon)
Potions
 a - a potion of mutation {unknown}
 c - a potion of heal wounds {unknown}


   Skills:
 - Level 2.1 Dodging
 - Level 2.4 Stealth
 - Level 1.7 Spellcasting
   Level 0.8 Transmutations
 + Level 5.4 Earth Magic


You had 3 spell levels left.
You knew the following spells:

 Your Spells              Type           Power        Failure   Level
a - Sandblast             Erth           ###...       3%          1

Your spell library contained the following spells:

 Spells                   Type           Power        Failure   Level
 Passwall                 Tmut/Erth      ##......     13%         2
 Stone Arrow              Conj/Erth      #.....       30%         3
 Petrify                  Tmut/Erth      ##......     63%         4
 Lee's Rapid Deconstruct  Erth           ###.......   65%         5


Dungeon Overview and Level Annotations

Branches:
Dungeon (1/15)

Altars:


Innate Abilities, Weirdness & Mutations

You are resistant to damage.
You can heal yourself by infusing magical energy.
You passively map a small area around you.
You do not regenerate.


Message History

Casting: Sandblast (safe; 3% risk of failure)
Confirm with . or Enter, or press ? or * to list all spells.
Aiming: Sandblast (safe; 3% risk of failure)
Press: ? - help, Shift-Dir - straight line, f - hobgoblin
Aim: a hobgoblin, wielding a +0 club The blast of sand misses the hobgoblin.
b - 19 stones You now have 1/4 mp.
The hobgoblin barely misses you.
A hobgoblin comes into view.
Casting: Sandblast (safe; 3% risk of failure)
Confirm with . or Enter, or press ? or * to list all spells.
Aiming: Sandblast (safe; 3% risk of failure)
Press: ? - help, Shift-Dir - straight line, f/p - hobgoblin
Aim: a hobgoblin, wielding a +0 club The blast of sand hits the hobgoblin!
You kill the hobgoblin!
b - 18 stones The hobgoblin shouts!
You now have 0/4 mp.
c - a ruby potion
Casting: Sandblast (safe; 3% risk of failure)
Confirm with . or Enter, or press ? or * to list all spells.
You don't have enough magic to cast that spell.
A giant cockroach comes into view.
You hit the hobgoblin.
The hobgoblin is heavily wounded.
The hobgoblin hits you.
You take 1 damage, and have 12/22 hp.
You hit the hobgoblin.
The hobgoblin is almost dead.
The hobgoblin closely misses you. The giant cockroach misses you.
You hit the hobgoblin but do no damage.
The hobgoblin is almost dead.
The hobgoblin hits you but does no damage.
The giant cockroach closely misses you.
You closely miss the hobgoblin.
The hobgoblin is severely wounded.
The giant cockroach bites you but does no damage.
The hobgoblin hits you.
A rat comes into view.
The giant cockroach bites you. The hobgoblin hits you.
You take 1 damage, and have 11/22 hp.
You barely miss the hobgoblin.
The hobgoblin is severely wounded.
The giant cockroach barely misses you. The hobgoblin barely misses you.
Casting: Sandblast (safe; 3% risk of failure)
Confirm with . or Enter, or press ? or * to list all spells.
Aiming: Sandblast (safe; 3% risk of failure)
Press: ? - help, Shift-Dir - straight line, f - giant cockroach
Aim: a giant cockroach The blast of sand hits the giant cockroach!
You kill the giant cockroach!
b - 17 stones The hobgoblin completely misses you.
You now have 0/4 mp.
You barely miss the hobgoblin.
The hobgoblin is severely wounded.
The hobgoblin hits you.
You take 3 damage, and have 8/22 hp.
You barely miss the hobgoblin.
The hobgoblin is heavily wounded.
The hobgoblin hits you.
* * * LOW HITPOINT WARNING * * *
The hobgoblin closely misses you.
You take 2 damage, and have 6/22 hp.
You hit the hobgoblin.
The hobgoblin is almost dead.
The rat twitches its whiskers.
The rat bites you but does no damage.
The hobgoblin hits you but does no damage.
The rat bites you but does no damage.
You barely miss the hobgoblin.
The hobgoblin is almost dead.
The hobgoblin hits you.
* * * LOW HITPOINT WARNING * * *
The rat closely misses you.
You take 1 damage, and have 5/22 hp.
You barely miss the hobgoblin.
The hobgoblin is almost dead.
The hobgoblin hits you.
* * * LOW HITPOINT WARNING * * *
The rat barely misses you. The hobgoblin hits you.
You take 2 damage, and have 3/22 hp.
Casting: Sandblast (safe; 3% risk of failure)
Confirm with . or Enter, or press ? or * to list all spells.
Press: ? - help, Shift-Dir - straight line, f - hobgoblin
Aim: a hobgoblin (almost dead)
The blast of sand hits the hobgoblin!
You kill the hobgoblin!
b - 16 stones The rat closely misses you.
You now have 0/4 mp.
You hit the rat.
You kill the rat!
Items here: ) †††.
Your magical essence is drained by the effort!
You feel much better.
You regained 15 hp, and now have 18/22 hp.
Are you sure you want to abandon this character and quit the game? (Confirm with "yes".)

....# ....# ....#
###### ....# #...)#
###.###########....# *
...................+ ,
, .##.######...##....#
*, .##.######...##..>.#
*
................@.###*
*
.##.##########......#*,
#.# #..###..#, #.# #..#
..# ,*#.# #.## #.#,
*#.# #.* *.. * #.# #.
*** ...* * #K* #. #.# ,
* $# *


There were no monsters in sight!

Vanquished Creatures
  2 dart slugs (D:1)
  A leopard gecko (D:1)
  2 giant cockroaches (D:1)
  2 goblins (D:1)
  4 hobgoblins (D:1)
  2 bats (D:1)
  3 rats (D:1)
16 creatures vanquished.

Notes
Turn   | Place    | Note
-------+----------+-------------------------------------------
     0 | D:1      | Irenicus the Deep Dwarf Earth Elementalist began the quest
                  | for the Orb.
     0 | D:1      | Reached XP level 1. HP: 15/15 MP: 3/3
    82 | D:1      | Reached XP level 2. HP: 14/22 MP: 1/4
    91 | D:1      | Reached skill level 5 in Earth Magic
   194 | D:1      | HP: 5/22 [hobgoblin (1)]
   200 | D:1      | Quit the game

Illustrated notes

Levels and vault maps discovered:
D:1:      nicolae_arrival_memento_mori, layout_basic, minmay_ruptured

Skill      XL: |  1  2 |
---------------+-------+-----
Earth Magic    | 5 |  5.4
Dodging        | |  2.1
Stealth        | |  2.4
Spellcasting   | |  1.7
Transmutations | |  0.8

Action                   || total
-------------------------++-------
Melee: Club              ||    30
 Cast: Sandblast         ||    14
 Abil: Heal Wounds       ||     1
Armor: Leather armour    ||    11
Dodge: Dodged            ||    25

Table legend: (Time is in decaauts)
 A = Elapsed time spent in this place.
 B = Non-inter-level travel time spent in this place.
 C = Inter-level travel time spent in this place.
 D = Time resting spent in this place.
 E = Time spent auto-exploring this place.
 F = Levels seen in this place.
 G = Mean time per level.
                   A        B        C        D        E       F      G
               +--------+--------+--------+--------+--------+-----+--------+
         Total |    208 |    208 |      0 |      0 |      0 |   1 |  208.0 |
       Dungeon |    208 |    208 |      0 |      0 |      0 |   1 |  208.0 |
               +--------+--------+--------+--------+--------+-----+--------+

Top non-repeatable levels by time:
     D:1: 208 daAuts

Table legend:
 A = Kills in this place as a percentage of kills in entire the game.
 B = Kills by you in this place as a percentage of kills by you in the entire game.
 C = Kills by friends in this place as a percentage of kills by friends in the entire game.
 D = Other kills in this place as a percentage of other kills in the entire game.
 E = Experience gained in this place as a percentage of experience gained in the entire game.
 F = Experience gained in this place divided by the number of levels of this place that you have seen.
                   A       B       C       D       E      F
               +-------+-------+-------+-------+-------+----------------------
         Total | 100.0 | 100.0 |   N/A |   N/A | 100.0 |  32.0
       Dungeon | 100.0 | 100.0 |   N/A |   N/A | 100.0 |  32.0
               +-------+-------+-------+-------+-------+----------------------
